 Dungeon Crawl Stone Soup version 0.29-a0-330-g52719c12eb (webtiles) character file.

Game seed: 2594653685981901248

31 Flugslaktarn the Firebug (level 3, -1/24 HPs)
             Began as a Human Fire Elementalist on Apr 15, 2022.
             Slain by a gnoll
             ... wielding a +0 halberd
              (4 damage)
             ... on level 3 of the Dungeon.
             The game lasted 00:02:29 (529 turns).

Flugslaktarn the Firebug (Human Fire Elementalist)   Turns: 529, Time: 00:02:29

Health: -1/24      AC:  3    Str:  8    XL:     3   Next: 40%
Magic:  0/6        EV: 12    Int: 17    God:
Gold:   84         SH:  0    Dex: 13    Spells: 5/6 levels left

rFire   . . .      SeeInvis .   e - +0 hunting sling
rCold   . . .      Faith    .   (no shield)
rNeg    . . .      Spirit   .   a - +0 robe
rPois   .          Reflect  .   (no helmet)
rElec   .          Harm     .   (no cloak)
rCorr   .          Rampage  .   c - +0 pair of gloves
Will    .....                   (no boots)
Stlth   ++........              (no amulet)
HPRegen 0.08/turn               (no ring)
MPRegen 0.10/turn               (no ring)

@: no status effects
A: no striking features
a: no special abilities


You were on level 3 of the Dungeon.
You visited 1 branch of the dungeon, and saw 3 of its levels.

You collected 84 gold pieces.

Inventory:

Hand Weapons
 e - a +0 hunting sling (weapon)
   (You found it on level 3 of the Dungeon)
 j - a +0 spear
   (You found it on level 1 of the Dungeon)
Armour
 a - a +0 robe (worn)
 c - a +0 pair of gloves (worn)
   (You found it on level 2 of the Dungeon)
Scrolls
 f - a scroll of immolation
 i - a scroll of fear {unknown}
 m - a scroll of magic mapping {unknown}
Potions
 b - a potion of magic
 d - 2 potions of might
 h - a potion of haste
 k - a potion of ambrosia {unknown}
 l - a potion of heal wounds {unknown}


   Skills:
 - Level 2.0 Dodging
 - Level 2.0 Stealth
 + Level 2.0 Spellcasting
 + Level 3.0 Conjurations
 + Level 3.0 Fire Magic


You had 5 spell levels left.
You knew the following spells:

 Your Spells              Type           Power      Damage    Failure   Level
a - Foxfire               Conj/Fire      48%        2x1d6     5%          1

Your spell library contained the following spells:

 Spells                   Type           Power      Damage    Failure   Level
 Scorch                   Fire           24%        2d6       9%          2
 Conjure Flame            Conj/Fire      12%        6-21      17%         3
 Animate Skeleton         Necr           2%         N/A       19%         1
 Pain                     Necr           4%         1d4       19%         1
 Inner Flame              Hex/Fire       6%         N/A       30%         3
 Vampiric Draining        Necr           1%         2d6       50%         3
 Flame Wave               Conj/Fire      12%        2d6       50%         4


Dungeon Overview and Level Annotations

Branches:
Dungeon (3/15)

Altars:


Message History

The air around you briefly surges with heat, but it dissipates.
It was a scroll of immolation.
Unknown command.
There is a stone staircase leading down here.
You climb downwards.
There is a stone staircase leading up here.
You see here a +0 hunting sling.
e - a +0 hunting sling
e - a +0 hunting sling (weapon)
A kobold comes into view. It is wielding a +0 whip.
You shoot a sling bullet. The kobold shouts!
The sling bullet hits the kobold but does no damage.
Casting: Foxfire (safe; 8% risk of failure)
Confirm with . or Enter, or press ? or * to list all spells.
You conjure some foxfire!
A rat comes into view.
The foxfire hits the kobold.
You kill the kobold!
Casting: Foxfire (safe; 8% risk of failure)
Confirm with . or Enter, or press ? or * to list all spells.
You conjure some foxfire!
The foxfire hits the rat but does no damage.
The foxfire hits the rat.
You kill the rat!
Your foxfire dissipates!
Magic restored.
A gnoll comes into view. It is wielding a +0 flail.
Found a stone staircase leading down.
Unknown command.
You shoot a sling bullet. The sling bullet hits the gnoll.
The gnoll shouts!
The gnoll is moderately wounded.
You hear a shout! x3
A gnoll comes into view. It is wielding a +0 spear.
The gnoll shouts!
Casting: Foxfire (safe; 8% risk of failure)
Confirm with . or Enter, or press ? or * to list all spells.
You conjure some foxfire!
Casting: Foxfire (safe; 8% risk of failure)
Confirm with . or Enter, or press ? or * to list all spells.
You conjure some foxfire!
The foxfire hits the gnoll.
The gnoll is heavily wounded.
The foxfire hits the gnoll.
The gnoll is severely wounded.
The gnoll hits you with a +0 flail.
Casting: Foxfire (safe; 8% risk of failure)
Confirm with . or Enter, or press ? or * to list all spells.
You conjure some foxfire!
The foxfire hits the gnoll.
You kill the gnoll!
The foxfire hits the gnoll.
The gnoll is lightly wounded.
A gnoll comes into view. It is wielding a +0 halberd. x2
You have reached level 3!
Your experience leads to an increase in your attributes!
Increase (S)trength, (I)ntelligence, or (D)exterity?
You feel clever. x2
Casting: Foxfire (safe; 6% risk of failure)
Confirm with . or Enter, or press ? or * to list all spells.
You conjure some foxfire!
The foxfire hits the gnoll.
The gnoll is moderately wounded.
The foxfire hits the gnoll.
The gnoll is heavily wounded.
Casting: Foxfire (safe; 6% risk of failure)
Confirm with . or Enter, or press ? or * to list all spells.
You conjure some foxfire!
The foxfire hits the gnoll.
The gnoll is severely wounded.
The foxfire hits the gnoll.
You kill the gnoll!
Training target 3.0 for Conjurations reached!
Your Conjurations skill increases to level 3!
You need to enable at least one skill for training.
The foxfire hits the gnoll.
The gnoll is moderately wounded.
The foxfire hits the gnoll.
The gnoll is heavily wounded.
There is a stone staircase leading up here.
You shoot a sling bullet. The sling bullet hits the gnoll.
The gnoll is severely wounded.
The gnoll misses you.
Casting: Foxfire (safe; 5% risk of failure)
Confirm with . or Enter, or press ? or * to list all spells.
You conjure some foxfire!
The gnoll closely misses you.
Really fire in your foxfire's direction?
Okay, then.
Fire: e) +0 hunting sling
Press: ? - help, Q - select action, (/) - cycle Shift-Dir - straight line, f - gnoll, p - gnoll
Aim: a gnoll, wielding a +0 halberd (56% to hit)
You shoot a sling bullet.
The sling bullet closely misses the gnoll.
The foxfire hits the gnoll.
The gnoll is severely wounded.
The foxfire hits the gnoll.
The gnoll is almost dead.
The gnoll hits you from afar with a +0 halberd!
The gnoll hits you from afar with a +0 halberd.
* * * LOW HITPOINT WARNING * * *
The gnoll barely misses you.
Unknown command.
The gnoll hits you from afar with a +0 halberd.
You die...

.............g.........
.########.........##.#
#..........# #..#####...#
............#
.###..###....# .
......#gg..# #..
#..........# #
..#..##..#..#@§..# #
#.#..##..#..#§...# #
#.#..##..##.#....#+### #
#.#..##..##...........# #
#.#..##..##...#.......# #
#.#..##..##...#.......#
####.#..........(#.......#
.........#.......#.......#
.###.##..##.#.##.#.......#


You could see 2 gnolls.

Vanquished Creatures
  2 gnolls (D:3)
  An endoplasm (D:1)
  A hobgoblin (D:1)
  2 jackals (D:1)
  2 kobolds (D:3)
  A ball python (D:2)
  4 rats
13 creatures vanquished.

Vanquished Creatures (others)
  28 foxfires
  A plant (D:3)
29 creatures vanquished.

Grand Total: 42 creatures vanquished

Notes
Turn   | Place    | Note
-------+----------+-------------------------------------------
     0 | D:1      | Flugslaktarn the Human Fire Elementalist began the quest
                  | for the Orb.
     0 | D:1      | Reached XP level 1. HP: 13/13 MP: 3/3
     3 | D:1      | Noticed an electric eel
     3 | D:1      | Noticed an electric eel
   125 | D:1      | Reached XP level 2. HP: 17/19 MP: 0/5
   515 | D:3      | Reached XP level 3. HP: 19/24 MP: 2/6
   529 | D:3      | Slain by a gnoll

Illustrated notes

Levels and vault maps discovered:
D:1:      arrival_aquarium_b, layout_loops_ring, minmay_pentomino_p4
D:2:      layout_loops_ring, uniq_crazy_yiuf_cottage, uniq_jessica
D:3:      layout_basic, serial_bayou_pond_e, serial_bayou_pond_a

Skill      XL: |  1  2  3 |
---------------+----------+-----
Conjurations   | 2 3 |  3.0
Dodging        | |  2.0
Stealth        | |  2.0
Spellcasting   | |  2.0
Fire Magic     | |  3.0

Action                   || total
-------------------------++-------
Melee: Spear             ||     9
 Fire: Hunting sling     ||     4
 Cast: Foxfire           ||    16
  Use: Scroll            ||     4
Armor: Robe              ||     2
Dodge: Dodged            ||     9

Table legend: (Time is in decaauts)
 A = Elapsed time spent in this place.
 B = Non-inter-level travel time spent in this place.
 C = Inter-level travel time spent in this place.
 D = Time resting spent in this place.
 E = Time spent auto-exploring this place.
 F = Levels seen in this place.
 G = Mean time per level.
                   A        B        C        D        E       F      G
               +--------+--------+--------+--------+--------+-----+--------+
         Total |    534 |    513 |     21 |      0 |      0 |   3 |  178.0 |
       Dungeon |    534 |    513 |     21 |      0 |      0 |   3 |  178.0 |
               +--------+--------+--------+--------+--------+-----+--------+

Top non-repeatable levels by time:
     D:2: 229 daAuts
     D:1: 171 daAuts
     D:3: 133 daAuts
